 Dungeon Crawl Stone Soup version 0.17.0-24-gcfadda4 (webtiles) character file.

29338 M4edhros the Unseen (level 13, -7/72 HPs)
             Began as an Octopode Artificer on Nov 16, 2015.
             Was the Champion of Okawaru.
             Mangled by a four-headed hydra (15 damage)
             ... on level 3 of the Lair of Beasts.
             The game lasted 00:56:30 (15691 turns).

M4edhros the Unseen (Octopode Artificer)           Turns: 15691, Time: 00:56:30

Health: -7/72      AC:  4    Str: 10    XL:     13   Next: 44%
Magic:  21/21      EV: 14    Int: 21    God:    Okawaru [******]
Gold:   1521       SH: 16    Dex: 18    Spells: 0 memorised, 12 levels left

rFire  x . .     SeeInvis .     x - +3 rod of destruction (2/10)
rCold  + + .     Clarity  .     k - +1 large shield
rNeg   + + .     SustAt   .     c - +0 hat {Int+3}
rPois  +         Gourm    .     o - amulet of regeneration
rElec  +         Spirit   .     L - ring of ice
rCorr  .         Warding  .     v - +2 ring of intelligence
rMut   .         Stasis   .     z - ring of invisibility
MR     .....                    G - ring of positive energy
Stlth  +++++++++.               N - ring of poison resistance
                                M - ring of Darkness {rElec rC+ rN+}
                                (no ring)
                                (no ring)

@: not resistant to hostile enchantments, incredibly stealthy
A: almost no armour, amphibious, 8 rings, constrict 8, thin metallic scales 1,
camouflage 1, agile 1, mutation resistance 1, shaggy fur 1, gelatinous body 1
a: Heroism, Finesse, Renounce Religion, Evoke Invisibility


You were on level 3 of the Lair of Beasts.
You worshipped Okawaru.
Okawaru was exalted by your worship.
You were hungry.

You visited 3 branches of the dungeon, and saw 16 of its levels.
You also visited: Bailey and Ice Cave.

You collected 1521 gold pieces.

Inventory:

Hand Weapons
 p - a +2 rapier of venom
 B - a +0 hunting sling
 W - a +0 blowgun
 X - a +3 falchion of electrocution
Missiles
 a - 20 steel sling bullets
 b - 45 poisoned sling bullets
 l - 114 sling bullets
 m - 355 stones (quivered)
 D - 2 throwing nets
 E - 35 silver sling bullets
 H - 10 sling bullets of flame
Armour
 c - a +0 hat of intelligence (worn)
 k - a +1 large shield (worn)
 V - a +2 hat
Rods
 x - a +3 rod of destruction (2/10) (weapon)
   (You acquired it on level 1 of the Lair of Beasts)
 P - a +3 lightning rod (0/11)
   (You found it on level 10 of the Dungeon)
Jewellery
 o - an amulet of regeneration (around mantle)
 v - a +2 ring of intelligence (right tentacle)
 z - a ring of invisibility (on tentacle)
 A - an uncursed ring of teleportation
 G - a ring of positive energy (on tentacle)
 L - a ring of ice (left tentacle)
 M - the ring of Darkness (on tentacle) {rElec rC+ rN+}
   (You found it in an ice cave)

   [ring of positive energy]

   It protects you from cold.
   It insulates you from electricity.
   It protects you from negative energy.
 N - a ring of poison resistance (on tentacle)
 O - an uncursed amulet of the gourmand
Wands
 g - a wand of teleportation (2)
 n - a wand of disintegration (3)
 J - a wand of lightning (7)
 T - a wand of invisibility (4)
 Z - a wand of paralysis (3)
Scrolls
 w - 3 scrolls of teleportation
 F - a scroll of identify
 I - a scroll of fear
 R - 3 scrolls of blinking
Potions
 i - a potion of magic
 u - 3 potions of curing
Books
 h - an Akashic Record

   Spells                             Type                      Level
   a - Dispersal                      Translocation                6
   b - Malign Gateway                 Summoning/Translocation      7
   c - Disjunction                    Translocation                8
   d - Controlled Blink               Translocation                8
 t - a book of Burglary

   Spells                             Type                      Level
   a - Swiftness                      Charms/Air                   2
   b - Passwall                       Transmutation/Earth          3
   c - Passage of Golubria            Translocation                4
   d - Lee's Rapid Deconstruction     Earth                        5
   e - Darkness                       Hexes                        6
   f - Invisibility                   Hexes                        6
 Q - a book of Alchemy

   Spells                             Type                      Level
   a - Sublimation of Blood           Necromancy                   2
   b - Ignite Poison                  Fire/Transmutation/Poison    3
   c - Alistair's Intoxication        Transmutation/Poison         4
   d - Condensation Shield            Ice                          4
   e - Petrify                        Transmutation/Earth          4
   f - Irradiate                      Conjuration/Transmutation    5
 U - a book of Conjurations

   Spells                             Type                      Level
   a - Magic Dart                     Conjuration                  1
   b - Searing Ray                    Conjuration                  2
   c - Dazzling Spray                 Conjuration/Hexes            3
   d - Fulminant Prism                Conjuration/Hexes            4
   e - Iskenderun's Mystic Blast      Conjuration                  4
   f - Iskenderun's Battlesphere      Conjuration/Charms           5
Comestibles
 e - 13 bread rations
 f - 2 meat rations
 q - 4 slices of pizza
 r - 7 beef jerkies
 C - 42 fruits
 K - 2 royal jellies


   Skills:
 - Level 1.0 Fighting
 - Level 1.0(2.9) Short Blades
 - Level 4.4(4.5) Long Blades
 * Level 10.4 Slings
 + Level 7.4 Dodging
 * Level 16.5 Stealth
 * Level 9.0 Shields
 * Level 11.3 Evocations


You had 12 spell levels left.
You didn't know any spells.

Dungeon Overview and Level Annotations

Branches:
Dungeon (12/15)            Temple (1/1) D:6            Lair (3/8) D:8
    Orc (0/4) D:11
  Swamp: Lair:3-6    Shoals: Lair:3-6     Snake: Lair:3-6    Spider: Lair:3-6

Altars:
Ashenzari
Cheibriados
Dithmenos
Elyvilon
Fedhas
Gozag
Kikubaaqudgha
Makhleb
Nemelex Xobeh
Okawaru
Qazlal
Ru
Sif Muna
Trog
Vehumet
Xom
Yredelemnul
Zin
The Shining One
Beogh

Shops:
D:11 :


Innate Abilities, Weirdness & Mutations

You cannot wear most types of armour.
You are amphibious.
You can wear up to eight rings at the same time.
You can use your tentacles to constrict eight enemies at once.
Your skin changes colour to match your surroundings (Stealth).
Your rubbery body absorbs attacks (AC +1).
You are partially covered in thin metallic scales (AC +2).
You are agile. (Dex +2)
You are somewhat resistant to further mutation.
You are covered in fur (AC +1).


Message History

Press: ? - help, Shift-Dir - straight line, f/p - four-headed hydra
Aim: a four-headed hydra (almost dead, covered in acid)
You hear a mighty clap of thunder!
The bolt of lightning misses the four-headed hydra.
This wand has 7 charges left.
The four-headed hydra bites you!
* * * LOW HITPOINT WARNING * * *
You block the four-headed hydra's attack.
The four-headed hydra bites you!
* * * LOW HITPOINT WARNING * * *
The four-headed hydra bites you.
* * * LOW HITPOINT WARNING * * *
Unknown command.
Evoke which item? (* to show all) (? for menu, Esc to quit)
Zapping:
Z - a wand of paralysis (4)
Press: ? - help, Shift-Dir - straight line, f/p - four-headed hydra
Aim: a four-headed hydra (almost dead, covered in acid, chance to defeat MR: 34%)
The four-headed hydra easily resists.
This wand has 3 charges left.
You block the four-headed hydra's attack.
The four-headed hydra bites you!
You die...

## # ###### ### #####
####.##.P#P#####.#..####.###.##..
..)..................)...........
......# .......@D..............r
....#.#####.......#+.#P#.....P##.
.........#.......##+.###.....##P.
...#P....#.......##......D....#..
...##....##......#.....P......#..
...# ....##...........#......#...
...## ...##......##..........##..
....# ..##......##...#..<....#..
...## #.##.......##...#......#..


You could see a four-headed hydra.

Vanquished Creatures
  A hydra (Lair:3)
  2 ice dragons (IceCv)
  A tengu warrior (D:12)
  2 unseen horrors
  An orc knight (Bailey)
  4 hill giants
  Maurice (D:9)
  6 elephants (Lair:2)
  2 centaur zombies
  2 ice statues (IceCv)
  3 spiny frogs
  A gargoyle (D:11)
  2 black mambas (Lair:2)
  2 komodo dragons
  2 wyverns
  3 trolls
  2 two-headed ogres
  Grinder (D:5)
  Prince Ribbit (D:8)
  5 blink frogs (Lair:3)
  A trapdoor spider (D:11)
  10 yaks
  2 deep elf magi (D:10)
  4 wraiths (D:11)
  Grum (D:9)
  6 hippogriffs
  8 wolves
  4 water moccasins
  A soldier ant (D:11)
  2 sky beasts
  17 orc warriors
  3 ogres
  26 ice beasts
  A black bear (D:4)
  A phantom (D:6)
  5 centaurs
  2 crocodiles (Lair:2)
  9 giant frogs
  2 big kobolds
  5 scorpions
  10 killer bees
  5 electric eels (Bailey)
  3 crimson imps
  4 hounds
  4 jellies
  8 wights
  A giant frog zombie (D:10)
  9 orc priests
  2 giant frog skeletons
  9 iguanas
  A quasit (D:8)
  Ijyb (D:2)
  5 orc wizards
  7 sheep (Lair:1)
  A centaur skeleton (D:10)
  7 worker ants
  A hound zombie (D:8)
  A hound skeleton (D:4)
  A worker ant zombie (D:11)
  Robin (D:2)
  4 adders
  2 river rats (Lair:3)
  6 gnolls
  3 shadow imps
  7 worms
  44 orcs
  6 giant cockroaches
  25 goblins
  15 hobgoblins
  14 jackals
  4 quokkas
  4 ball pythons
  4 bats (D:2)
  6 giant geckos
  A giant gecko zombie (D:5)
  3 giant newts
  12 kobolds
  A quokka skeleton (D:4)
  7 rats
  A fungus (Lair:3)
  A plant (Lair:1)
405 creatures vanquished.

Vanquished Creatures (collateral kills)
  An orc high priest (Bailey)
  An orc warrior (Bailey)
  An orc wizard (D:7)
  3 gnolls
  An orc (D:7)
  4 goblins
  A hobgoblin (Bailey)
12 creatures vanquished.

Vanquished Creatures (others)
  Josephine (D:11)
  An orc high priest (Bailey)
  A steam dragon (D:9)
  2 orcs
  3 hobgoblins (D:2)
  A goblin (D:2)
  A fungus (Lair:2)
10 creatures vanquished.

Grand Total: 427 creatures vanquished

Notes
Turn   | Place    | Note
--------------------------------------------------------------
     0 | D:1      | M4edhros the Octopode Artificer began the quest for the Orb.
     0 | D:1      | Reached XP level 1. HP: 13/13 MP: 3/3
   299 | D:1      | Reached XP level 2. HP: 18/18 MP: 4/4
   344 | D:2      | Noticed Ijyb
   355 | D:2      | Killed Ijyb
   355 | D:2      | Reached skill level 4 in Stealth
   355 | D:2      | Reached XP level 3. HP: 8/23 MP: 5/5
  1088 | D:2      | Reached XP level 4. HP: 17/28 MP: 7/7
  1121 | D:2      | Noticed Robin
  1143 | D:2      | Killed Robin
  1145 | D:2      | HP: 2/42 [hobgoblin/club[Robin] (5)]
  1902 | D:4      | Reached skill level 5 in Stealth
  1902 | D:4      | Reached XP level 5. HP: 29/33 MP: 8/8
  2046 | D:5      | Entered Level 5 of the Dungeon
  2157 | D:5      | Reached skill level 6 in Stealth
  2162 | D:5      | Noticed a sky beast
  2172 | D:5      | Killed a sky beast
  2172 | D:5      | Reached skill level 7 in Stealth
  2172 | D:5      | Reached skill level 5 in Evocations
  2172 | D:5      | Reached XP level 6. HP: 32/38 MP: 9/9
  2183 | D:5      | Noticed an ogre
  2189 | D:5      | Killed an ogre
  2230 | D:5      | Reached skill level 8 in Stealth
  2274 | D:5      | Noticed Grinder
  2285 | D:5      | Killed Grinder
  2285 | D:5      | Reached skill level 9 in Stealth
  2285 | D:5      | Reached XP level 7. HP: 27/43 MP: 11/11
  2446 | D:5      | Reached skill level 10 in Stealth
  2446 | D:5      | Reached XP level 8. HP: 48/48 MP: 12/12
  2454 | D:5      | Noticed an ice beast
  2458 | D:5      | Killed an ice beast
  2523 | D:6      | Found a staircase to the Ecumenical Temple.
  2532 | Temple   | Entered the Ecumenical Temple
  2570 | Temple   | Became a worshipper of Warmaster Okawaru
  2906 | D:4      | Found a shadowy altar of Dithmenos.
  4322 | D:3      | Reached skill level 1 in Slings
  4393 | D:3      | Found a shimmering altar of Xom.
  4902 | D:4      | Noticed a black bear
  4907 | D:4      | Killed a black bear
  5246 | D:6      | Reached skill level 11 in Stealth
  5246 | D:6      | Reached skill level 1 in Shields
  5578 | D:6      | HP: 2/48 [phantom (9)]
  5702 | D:7      | Found a snail-covered altar of Cheibriados.
  5834 | D:7      | Reached XP level 9. HP: 53/53 MP: 14/14
  5981 | D:7      | Reached * piety under Okawaru
  6394 | D:8      | Found a bloodstained altar of Trog.
  6682 | D:8      | Found a staircase to the Lair.
  6869 | D:8      | Reached skill level 12 in Stealth
  7178 | D:8      | Noticed Prince Ribbit
  7184 | D:8      | Killed Prince Ribbit
  7184 | D:8      | Reached ** piety under Okawaru
  7184 | D:8      | Reached skill level 5 in Slings
  7237 | D:9      | Found a basalt altar of Yredelemnul.
  7237 | D:9      | Found a sacrificial altar of Ru.
  7238 | D:9      | Found a radiant altar of Vehumet.
  7284 | D:9      | Gained mutation: You are agile. (Dex +2) [potion of beneficial mutation]
  7294 | D:9      | Noticed Maurice
  7303 | D:9      | Killed Maurice
  7303 | D:9      | Reached skill level 1 in Long Blades
  7303 | D:9      | Reached XP level 10. HP: 58/58 MP: 15/15
  7308 | D:9      | Noticed Grum
  7318 | D:9      | Killed Grum
  7462 | D:9      | Found a deep blue altar of Sif Muna.
  7481 | D:9      | Reached *** piety under Okawaru
  7923 | D:9      | Reached skill level 13 in Stealth
  8095 | D:10     | Entered Level 10 of the Dungeon
  8117 | D:10     | Received a gift from Okawaru
  8117 | D:10     | Reached skill level 5 in Dodging
  8473 | D:10     | Gained mutation: You are weak. (Str -2) [mutagenic meat]
  8474 | D:10     | Gained mutation: You are partially covered in thin metallic scales (AC +2). [mutagenic meat]
  8475 | D:10     | Gained mutation: You are somewhat resistant to further mutation. [mutagenic meat]
  8477 | D:10     | Gained mutation: You are covered in fur (AC +1). [mutagenic meat]
  8736 | D:10     | Reached **** piety under Okawaru
  8765 | D:10     | Noticed a hill giant
  8786 | D:10     | Killed a hill giant
  8786 | D:10     | Received a gift from Okawaru
  8786 | D:10     | Reached skill level 5 in Shields
  8786 | D:10     | Reached XP level 11. HP: 63/63 MP: 17/17
  9026 | D:11     | Found a staircase to the Orcish Mines.
  9454 | D:11     | Killed an unseen horror
  9454 | D:11     | Reached ***** piety under Okawaru
  9454 | D:11     | Reached skill level 14 in Stealth
  9576 | D:11     | Found Urajag's Book Shop.
  9630 | D:11     | Noticed a hill giant
  9639 | D:11     | Killed a hill giant
  9639 | D:11     | Received a gift from Okawaru
  9953 | D:10     | Killed an unseen horror
 10163 | D:11     | Found a roughly hewn altar of Beogh.
 10321 | D:11     | Noticed a hill giant
 10327 | D:11     | Killed a hill giant
 10700 | D:11     | Noticed Josephine
 10886 | D:11     | Received a gift from Okawaru
 11163 | D:12     | Noticed a hill giant
 11193 | D:12     | Killed a hill giant
 11307 | D:12     | Reached XP level 12. HP: 68/68 MP: 19/19
 11348 | D:12     | Found a flagged portal.
 11391 | Bailey   | Entered a bailey
 11777 | Bailey   | Found an iron altar of Okawaru.
 11777 | Bailey   | Noticed an orc high priest
 11777 | Bailey   | Noticed an orc high priest
 11817 | Bailey   | Killed an orc high priest
 11822 | Bailey   | an orc high priest (ally) was killed
 11827 | Bailey   | Reached skill level 15 in Stealth
 12226 | D:12     | Noticed a tengu warrior
 12235 | D:12     | Killed a tengu warrior
 12235 | D:12     | Reached skill level 10 in Evocations
 12409 | D:12     | Lost mutation: You are weak. (Str -2) [potion of mutation]
 12465 | D:11     | Killed Josephine
 12665 | Lair:1   | Entered Level 1 of the Lair of Beasts
 13218 | Lair:1   | Identified a +3 rod of destruction (10/10) (You acquired it on level 1 of the Lair of Beasts)
 14052 | Lair:2   | Received a gift from Okawaru
 14187 | Lair:2   | Reached ****** piety under Okawaru
 14224 | Lair:3   | Noticed a six-headed hydra
 14357 | Lair:3   | Noticed a four-headed hydra
 14395 | Lair:3   | Reached XP level 13. HP: 72/72 MP: 21/21
 14540 | Lair:3   | Found a frozen archway.
 14622 | Lair:3   | Received a gift from Okawaru
 14636 | IceCv    | Entered an ice cave
 14642 | IceCv    | Reached skill level 10 in Slings
 14711 | IceCv    | Reached skill level 16 in Stealth
 15186 | IceCv    | Received a gift from Okawaru
 15213 | IceCv    | Got a flickering glass ring
 15271 | IceCv    | Identified the ring of Darkness {rElec rC+ rN+} (You found it in an ice cave)
 15479 | Lair:3   | Received a gift from Okawaru
 15621 | Lair:3   | Noticed a seven-headed hydra
 15637 | Lair:3   | Killed a seven-headed hydra
 15691 | Lair:3   | Mangled by a four-headed hydra

Action                   |  1- 3 |  4- 6 |  7- 9 | 10-12 | 13-15 || total
-------------------------+-------+-------+-------+-------+-------++-------
Melee: Short sword       |    52 |    77 |   231 |    17 |       ||   377
       Scimitar          |       |       |    15 |       |       ||    15
       Falchion          |       |       |    18 |   386 |   196 ||   600
       Whip              |       |       |    14 |       |       ||    14
       Rapier            |       |       |       |    71 |    30 ||   101
       Rod               |       |       |       |     1 |       ||     1
 Fire: Hunting sling     |       |       |    21 |    17 |    15 ||    53
Evoke: Wand              |     1 |    12 |    22 |    29 |    16 ||    80
       Rod               |       |       |       |    58 |    27 ||    85
  Use: Potion            |       |     2 |    11 |     5 |     3 ||    21
       Scroll            |       |       |     6 |    22 |     2 ||    30
 Stab: Sleeping          |     9 |    12 |    28 |    38 |     2 ||    89
       Distracted        |       |     2 |     1 |     3 |       ||     6
       Paralysed         |       |     2 |       |    23 |     3 ||    28
       Invisible         |       |       |       |     1 |       ||     1
  Eat: Chunk             |       |     4 |    20 |    27 |     3 ||    54
       Meat ration       |       |       |       |     2 |     1 ||     3
